 Dungeon Crawl Stone Soup version 0.21-a0-227-g58a7c62 (webtiles) character file.

18 Chiseanne the Chopper (level 2, 0/19 HPs)
             Began as a Halfling Wanderer on Aug 31, 2017.
             Slain by a leopard gecko (5 damage)
             ... on level 1 of the Dungeon.
             The game lasted 00:01:02 (744 turns).

Chiseanne the Chopper (Halfling Wanderer)            Turns: 744, Time: 00:01:02

Health: 0/19       AC:  2    Str: 14    XL:     2   Next: 90%
Magic:  2/2        EV: 14    Int:  8    God:
Gold:   12         SH:  0    Dex: 14    Spells: 1/1 levels left

rFire    . . .     SeeInvis .   b - +0 hand axe
rCold    . . .     Gourm    .   (shield restricted)
rNeg     . . .     Faith    .   d - +0 robe
rPois    .         Spirit   .   (no helmet)
rElec    .         Reflect  .   (no cloak)
rCorr    .         Harm     .   (no gloves)
MR       .....                  (no boots)
Stlth    ++........             (no amulet)
HPRegen  0.06/turn              (no ring)
MPRegen  0.08/turn              (no ring)

@: no status effects
A: mutation resistance 1
a: no special abilities


You were on level 1 of the Dungeon.
You were not hungry.

You visited 1 branch of the dungeon, and saw 1 of its levels.

You collected 12 gold pieces.

Inventory:

Hand Weapons
 b - a +0 hand axe (weapon)
Missiles
 e - 23 sling bullets
 l - 14 poisoned needles
 m - 11 stones (quivered)
 n - 13 bolts
 o - 24 arrows
Armour
 d - a +0 robe (worn)
Scrolls
 h - a scroll of remove curse {unknown}
 j - a scroll of fear {unknown}
Potions
 c - a potion of lignification
 g - a potion of degeneration {unknown}
 k - a potion of flight {unknown}
Miscellaneous
 a - a box of beasts
Comestibles
 f - a bread ration
 i - a royal jelly


   Skills:
 * Level 2.0 Fighting
   Level 2.4 Short Blades
 - Level 3.0 Axes
 - Level 1.0 Throwing
 * Level 1.7 Dodging
 - Level 1.1 Stealth
 * Level 1.2 Evocations


You had one spell level left.
You didn't know any spells.

Dungeon Overview and Level Annotations

Branches:
Dungeon (1/15)

Altars:


Innate Abilities, Weirdness & Mutations

You are small and have problems with some larger weapons.
You are somewhat resistant to further mutation.


Message History

You barely miss the leopard gecko.
The leopard gecko is almost dead.
The leopard gecko bites you.
You closely miss the leopard gecko.
The leopard gecko is almost dead.
The leopard gecko barely misses you. The leopard gecko bites you.
You miss the leopard gecko.
The leopard gecko is almost dead.
The leopard gecko bites you.
You barely miss the leopard gecko.
The leopard gecko is almost dead.
The leopard gecko barely misses you. The leopard gecko bites you.
You barely miss the leopard gecko.
The leopard gecko is almost dead.
The leopard gecko bites you.
* * * LOW HITPOINT WARNING * * *
You miss the leopard gecko.
The leopard gecko is almost dead.
The leopard gecko bites you.
You die...

## #....†.......
## #.......#####
.# #.####...###
.#
#..........#####
≈#
######..........
≈#
........##.#####
.# #######.# .#
## #.# .# #@#.#
#l)# #....##
..K..##.. ....
#.#. ... #.##.
r. ... .. . ...
## ...


You could see a leopard gecko.

Vanquished Creatures
  An ooze (D:1)
  2 dart slugs (D:1)
  2 goblins (D:1)
  A jackal (D:1)
  2 kobolds (D:1)
  A bat (D:1)
  A rat (D:1)
10 creatures vanquished.

Notes
Turn   | Place    | Note
-------+----------+-------------------------------------------
     0 | D:1      | Chiseanne the Halfling Wanderer began the quest for the Orb.
     0 | D:1      | Chiseanne set off with: a box of beasts, a +0 hand axe, a potion of lignification, a +0 robe, a bread ration
     0 | D:1      | Reached XP level 1. HP: 13/13 MP: 1/1
   459 | D:1      | Reached XP level 2. HP: 18/18 MP: 2/2
   744 | D:1      | Slain by a leopard gecko

Vault maps used:
D:1:      dpeg_arrival_brainrot

Skill      XL: |  1  2 |
---------------+-------+-----
Fighting       | 2 |  2.0
Short Blades   | |  2.4
Axes           | |  3.0
Throwing       | |  1.0
Dodging        | |  1.7
Stealth        | |  1.1
Evocations     | |  1.2

Action                   || total
-------------------------++-------
Melee: Hand axe          ||    51
Armor: Robe              ||     9
Dodge: Dodged            ||    36

Table legend:
 A = Spawn XP
 B = Non-spawn XP
 C = Spawn XP percentage of total XP
 D = Spawn monster count
 E = Non-spawn monster count
 F = Spawn count percentage of total count
 G = Total turns spent on level
                    A         B        C        D         E        F      G
               +---------+---------+-------+---------+---------+-------+---------
         Total |       2 |      25 |   7.4 |       1 |       9 |  10.0 |   744
               +---------+---------+-------+---------+---------+-------+---------
           D:1 |       2 |      25 |   7.4 |       1 |       9 |  10.0 |   744
               +---------+---------+-------+---------+---------+-------+---------
